 Dungeon Crawl Stone Soup version 0.28-a0-1594-ga885d4b3d6 (webtiles) character file.

Game seed: 12700726141709342370

89364 flotson the Fighter (level 15, -5/122 HPs)
             Began as a Demonspawn Gladiator on Jan 20, 2022.
             Was an Initiate of Gozag.
             Slain by a deep elf archer (10 damage)
             ... on level 1 of the Elven Halls.
             The game lasted 00:39:48 (25736 turns).

flotson the Fighter (Demonspawn Gladiator)         Turns: 25736, Time: 00:39:48

Health: -5/122     AC: 26    Str: 23    XL:     15   Next: 49%
Magic:  15/15      EV: 28    Int:  9    God:    Gozag
Gold:   5245       SH:  0    Dex: 14    Spells: 14/14 levels left

rFire   + . .      SeeInvis .   b - +8 autumn katana {vorpal, manifold assault}
rCold   + . .      Faith    .   (no shield)
rNeg    + + +      Spirit   .   Y - +2 chain mail {rPois}
rPois   +          Reflect  .   Q - +0 hat {Will+}
rElec   +          Harm     +   B - +0 cloak
rCorr   .          Rampage  .   L - +0 pair of gloves of Dice, Bag, and Bottle {Harm rC+}
Will    ++++.                   (no boots)
Stlth   ..........              q - amulet of Ymaud {Acrobat *Corrode Fly rElec rN+++}
HPRegen 0.30/turn               H - +4 ring of slaying
MPRegen 0.28/turn               e - ring of Nuaruka {Fly rF+ Will++}

@: about to teleport, sanguine armoured, acrobatic, flying, studying Unarmed
Combat
A: hooves 2, powered by death 2, magic regeneration, sanguine armour 2,
bedeviling
a: Renounce Religion, Potion Petition, Call Merchant, Bribe Branch


You were on level 1 of the Elven Halls.
You worshipped Gozag.
Gozag was greatly pleased with you.
You visited 5 branches of the dungeon, and saw 20 of its levels.
You also visited: Gauntlet.

You collected 7066 gold pieces.
You spent 1619 gold pieces at shops.
You paid 202 gold pieces to Gozag.

Inventory:

Hand Weapons
 a - the +7 pair of quick blades "Gyre" and "Gimble" {protect}
   (You found it on level 10 of the Dungeon)

   It grants its wielder temporary protection when it strikes (+7 to AC).
 b - the +8 autumn katana (weapon) {vorpal, manifold assault}
   (You found it on level 1 of the Elven Halls)

   It sometimes launches melee attacks against multiple visible enemies.
 S - the +12 morningstar of the Three Nightmares {elec, Str+4 Int+3}
   (You found it on level 8 of the Dungeon)

   It occasionally discharges a powerful burst of electricity upon striking a
   foe.
   Str:       It affects your strength (+4).
   Int:       It affects your intelligence (+3).
Missiles
 d - 8 throwing nets (quivered)
 y - 2 datura-tipped darts
 I - 3 silver boomerangs
 K - 20 boomerangs
 M - 31 poisoned darts
 U - 2 silver javelins
Armour
 B - a +0 cloak (worn)
 L - the +0 pair of gloves of Dice, Bag, and Bottle (worn) {Harm rC+}
   (You bought it in a shop on level 7 of the Dungeon)

   rC:        It protects you from cold.
   Harm:      It increases damage dealt and taken.
 Q - a +0 hat of willpower (worn)
 Y - a +2 chain mail of poison resistance (worn)
Jewellery
 e - the ring of Nuaruka (right hand) {Fly rF+ Will++}
   (You acquired it on level 3 of the Lair of Beasts)

   [ring of flight]

   rF:        It protects you from fire.
   Fly:       It grants you flight.
   Will:      It greatly increases your willpower.
 h - a ring of resist corrosion
 j - an amulet of reflection
 q - the amulet of Ymaud (around neck) {Acrobat *Corrode Fly rElec rN+++}
   (You bought it in a shop on level 2 of the Orcish Mines)

   [amulet of the acrobat]

   It increases your evasion while moving and waiting.
   rElec:     It insulates you from electricity.
   rN:        It renders you almost immune to negative energy.
   Fly:       It grants you flight.
   *Corrode:  It may corrode you when you take damage.
 x - the ring of Myazupno {rF+++ SInv}
   (You acquired it on level 2 of the Lair of Beasts)

   [ring of see invisible]

   rF:        It renders you almost immune to fire.
   SInv:      It lets you see invisible.
 H - a +4 ring of slaying (left hand)
Wands
 g - a wand of flame (12)
 C - a wand of iceblast (9)
 O - a wand of charming (5)
 P - a wand of paralysis (14)
 V - a wand of acid (4)
 W - a wand of mindburst (8)
Scrolls
 c - a scroll of enchant armour {unknown}
 f - 3 scrolls of fog
 i - 2 scrolls of immolation
 k - 3 scrolls of brand weapon
 n - 3 scrolls of fear
 o - 3 scrolls of magic mapping
 s - 2 scrolls of summoning
 u - a scroll of silence {unknown}
 v - 3 scrolls of blinking
 w - 2 scrolls of vulnerability
 E - 10 scrolls of teleportation
 N - a scroll of holy word {unknown}
 R - 4 scrolls of enchant weapon {unknown}
 X - a scroll of torment {unknown}
Potions
 l - 8 potions of lignification
 m - 2 potions of cancellation
 p - a potion of berserk rage {unknown}
 r - 8 potions of curing
 t - a potion of flight
 z - 3 potions of might
 A - 7 potions of heal wounds
 D - 3 potions of haste
 F - 4 potions of invisibility
 G - 3 potions of mutation
 J - 3 potions of ambrosia
 Z - a potion of resistance


   Skills:
 + Level 12.7 Fighting
 - Level 8.0 Short Blades
 * Level 1.0(5.0) Long Blades
 - Level 6.4(7.0) Axes
 - Level 4.2(5.9) Maces & Flails
 - Level 10.6 Throwing
 + Level 11.5 Armour
 + Level 12.0 Dodging
 - Level 8.8 Evocations


You had 14 spell levels left.
You didn't know any spells.
Your spell library contained the following spells:

 Spells                   Type           Power      Damage    Failure   Level
 Beastly Appendage        Tmut           0%         N/A       91%         1
 Magic Dart               Conj           0%         1d3       91%         1
 Sting                    Tmut/Pois      0%         1d3       91%         1
 Ensorcelled Hibernation  Hex/Ice        0%         N/A       97%         2
 Searing Ray              Conj           0%         2d4       97%         2
 Conjure Flame            Conj/Fire      0%         6-21      99%         3
 Dazzling Flash           Conj/Hex       0%         N/A       99%         3
 Ignite Poison            Fire/Tmut/Pois 0%         N/A       99%         3
 Inner Flame              Hex/Fire       0%         N/A       99%         3
 Mephitic Cloud           Conj/Pois/Air  0%         N/A       99%         3
 Ozocubu's Armour         Ice            0%         N/A       99%         3
 Spider Form              Tmut/Pois      0%         N/A       99%         3
 Anguish                  Hex/Necr       0%         N/A       100%        4
 Cause Fear               Hex            0%         N/A       100%        4
 Fulminant Prism          Conj/Hex       0%         3d6       100%        4
 Hailstorm                Conj/Ice       0%         3d3       100%        4
 Ice Form                 Ice/Tmut       0%         N/A       100%        4
 Iskenderun's Mystic Bla  Conj/Tloc      0%         2d3       100%        4
 Passage of Golubria      Tloc           0%         N/A       100%        4
 Sticky Flame             Conj/Fire      0%         2d3       100%        4
 Blade Hands              Tmut           0%         N/A       100%        5
 Fireball                 Conj/Fire      0%         3d3       100%        5
 Freezing Cloud           Conj/Ice/Air   0%         6-21      100%        5
 Irradiate                Conj/Tmut      0%         3d13      100%        5
 Iskenderun's Battlesphe  Conj           0%         2d6       100%        5
 Metabolic Englaciation   Hex/Ice        0%         N/A       100%        5
 Silence                  Hex/Air        0%         N/A       100%        5
 Summon Forest            Summ/Tloc      0%         N/A       100%        5
 Summon Mana Viper        Hex/Summ       0%         N/A       100%        5
 Dispersal                Tloc           0%         N/A       100%        6
 Iron Shot                Conj/Erth      0%         9d1       100%        6
 Simulacrum               Ice/Necr       0%         N/A       100%        6
 Starburst                Conj/Fire      0%         6d3       100%        6
 Summon Cactus Giant      Summ           0%         N/A       100%        6
 Dragon Form              Tmut           0%         N/A       100%        7
 Spellforged Servitor     Conj/Summ      0%         N/A       100%        7
 Borgnjor's Revivificati  Necr           0%         N/A       100%        8
 Discord                  Hex            0%         N/A       100%        8
 Disjunction              Tloc           0%         N/A       100%        8
 Lehudib's Crystal Spear  Conj/Erth      0%         10d2      100%        8
 Necromutation            Tmut/Necr      0%         N/A       100%        8
 Death's Door             Necr           0%         N/A       100%        9
 Fire Storm               Conj/Fire      0%         5d1       100%        9


Dungeon Overview and Level Annotations

Branches:
Dungeon (10/15)            Temple (1/1) D:5            Lair (6/6) D:8
  Swamp (0/4) Lair:4        Snake (0/4) Lair:3        Slime (0/5) Lair:5
    Orc (2/2) D:10            Elf (1/3) Orc:2       Gauntlet (visited)

Altars:
Ashenzari
Cheibriados
Dithmenos
Elyvilon
Fedhas
Gozag
Hepliaklqana
Kikubaaqudgha
Makhleb
Nemelex Xobeh
Okawaru
Qazlal
Ru
Sif Muna
Trog
Uskayaw
Vehumet
Wu Jian
Xom
Yredelemnul
Zin
The Shining One
Jiyva

Shops:
D:7 **   D:9 *   Orc:2 :[=?


Innate Abilities, Weirdness & Mutations

You have hoof-like feet.
You regenerate health from kills.
You regenerate magic rapidly.
When seriously injured, your blood forms thick armour. (AC +9)
Your hexes are more powerful.


Message History

The bolt of lightning misses you.
The deep elf zephyrmancer closely misses you. x2
The deep elf knight shoots an arrow.
The arrow hits you but does no damage.
The deep elf archer hits you with a +0 dagger.
* * * LOW HITPOINT WARNING * * *
You feel much better.
The deep elf zephyrmancer closely misses you.
The deep elf zephyrmancer gestures wildly while chanting.
The deep elf zephyrmancer blinks!
The deep elf knight casts a spell.
The deep elf knight flickers and vanishes!
Deactivating autopickup; reactivate with Ctrl-A.
The deep elf archer hits you with a +0 dagger.
Unknown command.
As you read the scroll of teleportation, it crumbles to dust.
You feel strangely unstable.
The deep elf zephyrmancer hits you with a +0 rapier.
The deep elf zephyrmancer hits you but does no damage.
The deep elf archer hits you with a +0 dagger.
Unknown command.
You hear some strange, mumbled words.
The deep elf archer hits you but does no damage.
The deep elf zephyrmancer casts a spell.
The deep elf zephyrmancer blinks!
The deep elf zephyrmancer points at you and mumbles some strange words.
The bolt of lightning misses you.
The deep elf archer mumbles some strange words.
The deep elf archer blinks!
You hear some strange, mumbled words.
A lance of force appears from out of thin air!
The lance of force hits you!!
* * * LOW HITPOINT WARNING * * *
You are knocked back by the lance of force.
You slam into the stone wall!
* * * LOW HITPOINT WARNING * * *
You hear a twanging sound.
An arrow appears from out of thin air!
The arrow closely misses you.
The deep elf archer hits you with a +0 dagger!
You die...
Your body crumbles into a pile of gold.

##.## ##...##
#.....## ##.....## $
#......# #.....##
#....##
#+##+#######...'## #
#..e@..#8≈≈.(.##.##
#.
#......#≈≈≈.#####.##
#.. #..##..#≈≈≈.#
##.##
#...#§e##..#≈≈≈.#
##'.
#[..{..##..'≈≈≈.#
##..
#####..##..#≈≈≈.#
#...
#.e##..#≈≈≈.######...
+......#≈≈≈......+...
#......#8≈≈..#####...


You could see a deep elf archer (repels missiles) and a deep elf zephyrmancer.

Vanquished Creatures
  Gastronok (Lair:2)
  A balrug (Gauntlet)
  The ghost of Dowoeg the Nimble, a journeyman DjWn of Fedhas (Lair:5)
  A minotaur (Gauntlet)
  Harold (Lair:2)
  2 boulder beetles
  7 hydras
  An ice dragon (Lair:4)
  4 two-headed ogres
  4 death yaks (Lair:6)
  5 orc high priests (Orc:2)
  A deep elf knight (Elf:1)
  4 deep elf archers (Elf:1)
  7 orc knights (Orc:2)
  2 wolf spiders
  7 deep elf pyromancers (Elf:1)
  4 deep elf zephyrmancers (Elf:1)
  A will-o-the-wisp (Lair:4)
  An orc sorcerer (Orc:1)
  9 elephants
  5 oklob plants
  16 black mambas
  A guardian serpent (Lair:6)
  20 cane toads
  2 torpor snails (Lair:6)
  An unseen horror (D:10)
  4 rime drakes
  7 komodo dragons
  2 trolls
  3 polar bears
  Grinder (D:4)
  4 hornets
  18 blink frogs
  7 dream sheep (Lair:5)
  2 shadows (D:6)
  3 air elementals (Elf:1)
  A water elemental (Elf:1)
  A spriggan (D:10)
  2 vampires
  84 yaks
  12 wyverns
  A wraith (D:9)
  Grum (D:10)
  2 basilisks (Lair:2)
  2 redbacks (Lair:6)
  A vampire mosquito (D:6)
  6 nagas (Lair:3)
  3 acid dragons
  3 wargs
  23 water moccasins
  A floating eye (Lair:2)
  A black bear (Lair:2)
  26 orc warriors
  5 necrophages
  2 ice beasts
  4 ogres
  2 centaurs
  29 wolves
  3 phantoms
  A kobold brigand (D:7)
  7 bullfrogs
  4 scorpions
  An earth elemental (Elf:1)
  A water moccasin zombie (D:5)
  A wyvern skeleton (D:6)
  31 killer bees (Lair:5)
  A howler monkey (D:7)
  4 electric eels
  A bullfrog zombie (D:6)
  4 centaur zombies
  A gnoll shaman (D:6)
  Crazy Yiuf (D:4)
  2 bullfrog skeletons
  3 centaur skeletons
  24 orc priests
  8 hounds
  2 jellies
  Natasha (thrice) (D:4)
  3 iguanas
  12 orc wizards
  A killer bee zombie (D:7)
  A hound skeleton (D:4)
  3 adders
  3 gnolls (D:6)
  3 shadow imps
  A white imp (D:7)
  An adder skeleton (D:5)
  69 orcs
  6 ball pythons
  3 bats
  8 endoplasms
  6 giant cockroaches
  A goblin (D:4)
  3 hobgoblins (D:2)
  A jackal (D:1)
  13 kobolds
  4 quokkas (D:4)
  3 frilled lizards
  3 rats
  A spectral kobold (D:5)
624 creatures vanquished.

Vanquished Creatures (others)
  6 dancing weapons
  A yak (Lair:1)
  An orc wizard (D:9)
  2 bushes
  2 foxfires (Lair:4)
  59 fungi
  80 plants
151 creatures vanquished.

Grand Total: 775 creatures vanquished

Notes
Turn   | Place    | Note
-------+----------+-------------------------------------------
     0 | D:1      | flotson the Demonspawn Gladiator began the quest for the
                  | Orb.
     0 | D:1      | Reached XP level 1. HP: 16/16 MP: 1/1
   349 | D:1      | Gained mutation: You regenerate magic rapidly. [demonic
                  | ancestry]
   349 | D:1      | Reached XP level 2. HP: 22/22 MP: 2/2
  1175 | D:2      | Gained mutation: You have large cloven feet. [demonic
                  | ancestry]
  1175 | D:2      | Reached XP level 3. HP: 20/28 MP: 3/3
  1788 | D:3      | Reached skill level 1 in Armour
  1970 | D:3      | Found a faded altar of an unknown god.
  2700 | D:4      | Noticed a phantom
  2723 | D:4      | Killed a phantom
  2724 | D:4      | Gained mutation: You regenerate a little health from kills.
                  | [demonic ancestry]
  2724 | D:4      | Reached XP level 4. HP: 12/34 MP: 4/4
  2953 | D:4      | Reached XP level 5. HP: 39/40 MP: 5/5
  2964 | D:4      | Noticed Grinder
  2965 | D:4      | Paralysed by Grinder for 6 turns
  3012 | D:4      | Paralysed by Grinder for 3 turns
  3018 | D:4      | Paralysed by Grinder for 6 turns
  3027 | D:4      | Killed Grinder
  3028 | D:4      | Reached XP level 6. HP: 11/47 MP: 3/6
  3451 | D:4      | Noticed Natasha
  3457 | D:4      | Killed Natasha
  3544 | D:4      | Found a runed translucent door.
  3551 | D:4      | Noticed Crazy Yiuf
  3591 | D:4      | Noticed Natasha
  3599 | D:4      | Killed Natasha
  3839 | D:4      | Noticed Natasha
  3848 | D:4      | Killed Natasha
  4051 | D:4      | Killed Crazy Yiuf
  4844 | D:5      | Entered Level 5 of the Dungeon
  4848 | D:5      | Found a staircase to the Ecumenical Temple.
  4857 | Temple   | Entered the Ecumenical Temple
  5113 | D:5      | Gained mutation: When seriously injured, your blood forms
                  | armour. (AC +9) [demonic ancestry]
  5113 | D:5      | Reached XP level 7. HP: 50/53 MP: 7/7
  5844 | D:5      | Found a hazy altar of Hepliaklqana.
  6300 | D:6      | Noticed a shadow
  6317 | D:6      | Killed a shadow
  6318 | D:6      | Reached XP level 8. HP: 20/61 MP: 4/8
  6701 | D:6      | Reached skill level 5 in Axes
  6755 | D:6      | Reached skill level 5 in Fighting
  6755 | D:6      | Reached skill level 5 in Dodging
  7342 | D:6      | Reached skill level 5 in Throwing
  7548 | D:6      | Gained mutation: You regenerate health from kills. [demonic
                  | ancestry]
  7548 | D:6      | Reached XP level 9. HP: 25/68 MP: 7/9
  9059 | D:7      | Found Quushril's Fire Supplies.
  9173 | D:7      | Reached skill level 5 in Armour
  9411 | D:7      | Noticed a two-headed ogre
  9465 | D:7      | Killed a two-headed ogre
  9727 | D:7      | Found Symoduyd's General Store.
  9734 | D:7      | Bought a scroll of identify for 20 gold pieces
  9734 | D:7      | Bought a scroll of teleportation for 30 gold pieces
  9734 | D:7      | Bought a scroll of identify for 20 gold pieces
  9734 | D:7      | Bought the +0 pair of gloves of Dice, Bag, and Bottle {Harm
                  | rC+} for 185 gold pieces
 10283 | D:8      | Identified the +12 morningstar of the Three Nightmares
                  | {elec, Str+4 Int+3}
 10283 | D:8      | Noticed a troll
 10302 | D:7      | Killed a troll
 10348 | D:8      | Gained mutation: When seriously injured, your blood forms
                  | thick armour. (AC +9) [demonic ancestry]
 10348 | D:8      | Reached XP level 10. HP: 76/77 MP: 10/10
 10359 | D:8      | Reached skill level 1 in Maces & Flails
 10433 | D:8      | Found a staircase to the Lair.
 10458 | D:8      | Noticed a two-headed ogre
 10474 | D:8      | Killed a two-headed ogre
 10944 | D:8      | Found a burning altar of Makhleb.
 10944 | D:8      | Found an ancient bone altar of Kikubaaqudgha.
 11227 | D:9      | Reached skill level 1 in Evocations
 11262 | D:9      | Found a radiant altar of Vehumet.
 11340 | D:9      | Paralysed by a hornet for 3 turns
 11881 | D:9      | Found Boafugy's Assorted Antiques.
 11889 | D:9      | Bought a scroll labelled BUCEUTW WINEP for 23 gold pieces
 11889 | D:9      | Bought a scroll of teleportation for 69 gold pieces
 11942 | D:9      | Found an opulent altar of Gozag.
 12157 | D:10     | Entered Level 10 of the Dungeon
 12288 | D:10     | Reached XP level 11. HP: 85/85 MP: 11/11
 12348 | D:10     | Noticed Grum
 12368 | D:10     | Killed Grum
 12444 | D:10     | Noticed a two-headed ogre
 12451 | D:10     | Killed a two-headed ogre
 12633 | D:10     | Noticed a two-headed ogre
 12633 | D:10     | Noticed a two-headed ogre
 12659 | D:9      | Killed a two-headed ogre
 12973 | D:10     | Found a staircase to the Orcish Mines.
 13354 | D:10     | Found the +7 pair of quick blades "Gyre" and "Gimble"
                  | {protect}
 13646 | D:9      | Became a worshipper of Gozag Ym Sagoz the Greedy
 13737 | Lair:1   | Entered Level 1 of the Lair of Beasts
 13958 | Lair:1   | Reached skill level 1 in Short Blades
 14120 | Lair:1   | Noticed an eight-headed hydra
 14150 | Lair:1   | Killed an eight-headed hydra
 14503 | Lair:1   | Noticed a five-headed hydra
 14507 | Lair:1   | Killed a five-headed hydra
 14657 | Lair:1   | Reached XP level 12. HP: 94/94 MP: 12/12
 15080 | Lair:2   | Noticed Gastronok
 15095 | Lair:2   | Killed Gastronok
 15164 | Lair:2   | Identified 2 scrolls of acquirement
 15166 | Lair:2   | Acquired the ring of Myazupno {rF+++ SInv}
 15168 | Lair:2   | Acquired 551 gold pieces
 15208 | Lair:2   | Reached skill level 5 in Short Blades
 15327 | Lair:2   | Noticed Harold
 15349 | Lair:2   | Killed Harold
 16187 | Lair:2   | Noticed a six-headed hydra
 16193 | Lair:2   | Killed a six-headed hydra
 16543 | Lair:2   | Reached skill level 10 in Fighting
 17165 | Lair:3   | Acquired the ring of Nuaruka {Fly rF+ Will++}
 17234 | Lair:3   | Gained mutation: You have hoof-like feet. [demonic
                  | ancestry]
 17234 | Lair:3   | Reached XP level 13. HP: 73/103 MP: 13/13
 17640 | Lair:3   | Found a staircase to the Snake Pit.
 17848 | Lair:4   | Found a staircase to the Swamp.
 17852 | Lair:4   | Found a gate leading to a gauntlet.
 17867 | Gauntlet | Entered a Gauntlet
 17867 | Gauntlet | Found a transporter.
 17867 | Gauntlet | Found a transporter.
 17899 | Gauntlet | Found a transporter.
 17899 | Gauntlet | Found a transporter.
 17908 | Gauntlet | Found a transporter.
 17929 | Gauntlet | Found a transporter.
 17937 | Gauntlet | Found a transporter.
 17937 | Gauntlet | Found a transporter.
 17937 | Gauntlet | Noticed a green death
 17960 | Gauntlet | Noticed a balrug
 17974 | Gauntlet | Found a transporter.
 17981 | Gauntlet | Found a transporter.
 17999 | Gauntlet | Found a transporter.
 18044 | Gauntlet | Found a transporter.
 18065 | Gauntlet | Found a transporter.
 18164 | Gauntlet | Found a transporter.
 18186 | Gauntlet | Found a transporter.
 18193 | Gauntlet | Found a transporter.
 18586 | Gauntlet | Identified the +2 hat of Fun and Games {Dex+2}
 18625 | Gauntlet | Killed a balrug
 18707 | Gauntlet | Noticed a minotaur
 18729 | Gauntlet | Killed a minotaur
 18737 | Gauntlet | Got Heist's Papyrus of Shape Shifting and Fire
 19357 | Lair:4   | Reached skill level 10 in Dodging
 19687 | Lair:4   | Reached skill level 5 in Evocations
 20112 | Lair:5   | Found a viscous altar of Jiyva.
 20113 | Lair:5   | Found a staircase to the Slime Pits.
 20224 | Lair:5   | Identified the +8 dagger of Prudence {drain, rPois Str-3
                  | Dex+6}
 20281 | Lair:5   | Found a runed translucent door.
 20281 | Lair:5   | Found a shimmering altar of Xom.
 20281 | Lair:5   | Noticed Dowoeg's ghost (journeyman DjWn)
 20579 | Lair:5   | Reached skill level 10 in Armour
 20579 | Lair:5   | Gained mutation: Your hexes are more powerful. [demonic
                  | ancestry]
 20579 | Lair:5   | Reached XP level 14. HP: 113/113 MP: 14/14
 20618 | Lair:5   | Killed Dowoeg's ghost
 21141 | Lair:6   | Entered Level 6 of the Lair of Beasts
 22594 | Lair:6   | Reached skill level 10 in Throwing
 23054 | Orc:1    | Entered Level 1 of the Orcish Mines
 23212 | Orc:2    | Entered Level 2 of the Orcish Mines
 23290 | Orc:2    | Found a staircase to the Elven Halls.
 23665 | Orc:2    | Reached XP level 15. HP: 114/121 MP: 15/15
 24232 | Orc:2    | Found Cigiw's Book Shoppe.
 24235 | Orc:2    | Found Bufot's Jewellery Shoppe.
 24236 | Orc:2    | Found Vearywk's Magic Scroll Shoppe.
 24237 | Orc:2    | Found Jaonwo Akhe's Armour Emporium.
 24240 | Orc:2    | Bought a scroll of identify for 34 gold pieces
 24240 | Orc:2    | Bought a scroll of fog for 34 gold pieces
 24240 | Orc:2    | Bought a scroll of immolation for 59 gold pieces
 24240 | Orc:2    | Bought a scroll of summoning for 161 gold pieces
 24732 | Orc:2    | Bought the amulet of Ymaud {Acrobat *Corrode Fly rElec
                  | rN+++} for 984 gold pieces
 24839 | Elf:1    | Entered Level 1 of the Elven Halls
 25380 | Elf:1    | Found the +8 autumn katana {vorpal, manifold assault}
 25523 | Elf:1    | Paralysed by an air elemental for 1 turns
 25669 | Elf:1    | Reached skill level 1 in Long Blades
 25736 | Elf:1    | HP: 5/122 [something (13)]
 25736 | Elf:1    | Slain by a deep elf archer

Illustrated notes

Levels and vault maps discovered:
D:1:      dpeg_arrival_arbitrary_c, layout_basic, minmay_misc_feat_room,
          minmay_indecisive_spiral
D:2:      layout_loops_cross
D:3:      layout_loops_ring, basic_ecumenical_altar
D:4:      layout_basic, uniq_natasha, uniq_grinder, uniq_crazy_yiuf_cottage
D:5:      layout_loops_ring, nicolae_hepliaklqana_monster_ancestors,
          minmay_temple_entry_gardened_gates
D:6:      minmay_opposing_rooms, layout_basic, moated_statue, st_stairs_1
D:7:      layout_layer_cave, serial_shops, nicolae_shop_trees,
          chequers_serial_rivers_small_b, nicolae_shop_fire_sale
          [nicolae_sub_dead_trees], minmay_fractal_squares_diagonal_5
D:8:      layout_basic, gammafunk_temple_overflow_wave, marbit_many_paths,
          erik_lair_island, chequers_arboretum
D:9:      layout_gridville, mainiacjoe_overflow_small_starburst,
          overflow_temple_1_default, serial_shops, shop
D:10:     layout_irregular_city, hiddenorc1_lemuel,
          hellmonk_guarded_unrand_gyre_and_gimble, uniq_grum
Temple:   eino_temple_scatter_basement
Lair:1:   layout_regular_city, minmay_hedge_maze, minmay_stone_trees_small,
          guppyfry_lair_drakes, serial_bayou_shore_b, lemuel_fruit_fields
Lair:2:   layout_roguey, disabler_island, uniq_gastronok, uniq_harold
Lair:3:   layout_long_grid, minmay_snake_entry_guardpost_medium,
          roderic_carrion_pond
Lair:4:   layout_roguey, minmay_swamp_entry_wisps, gauntlet_entry_generic,
          portal_ice_cave_entry_animals_and_master,
          cheibrodos_lair_caveside_slide, minivault_25,
          nicolae_lair_run_with_the_wolves, infiniplex_staircase_pool
Lair:5:   wad_woods_minihive, layout_cave_pods, slime_altar_1, ebering_ghost_xom
Lair:6:   hangedman_lair_tendril_chambers, layout_regular_city, minivault_23,
          amcnicky_mini_pool_medium, lemuel_fruit_fields
Orc:1:    layout_caves
Orc:2:    st_orc_pillars, layout_caves
Elf:1:    layout_geoelf_diagonals, evilmike_minifort

Skill      XL: |  1  2  3  4  5  6  7  8  9 10 11 12 13 14 15 |
---------------+----------------------------------------------+-----
Throwing       | 2 3 4 5 6 7 8 10 | 10.6
Axes           | 3 4 5 6 |  6.4
Dodging        | 3 4 5 6 7 8 9 10 11 12 | 12.0
Armour         | 1 2 3 4 5 6 7 9 10 11 | 11.5
Fighting       | 3 4 5 6 7 8 10 11 12 | 12.7
Maces & Flails | 3 4 |  4.2
Evocations     | 2 3 6 8 |  8.8
Short Blades   | 4 7 8 |  8.0
Long Blades    | 1 |  1.0

Action                   |  1- 3 |  4- 6 |  7- 9 | 10-12 | 13-15 || total
-------------------------+-------+-------+-------+-------+-------++-------
Melee: War axe           |    44 |       |       |       |       ||    44
       Whip              |    64 |    79 |       |       |       ||   143
       Kick              |    12 |    21 |    60 |   177 |   506 ||   776
       Punch             |     1 |       |       |     4 |       ||     5
       Quarterstaff      |       |     6 |   152 |       |       ||   158
       Battleaxe         |       |       |    65 |       |       ||    65
       Morningstar       |       |       |     8 |   265 |       ||   273
       Pair of quick bla |       |       |       |   246 |  1232 ||  1478
       Katana            |       |       |       |       |    27 ||    27
Throw: Dart              |       |     6 |     9 |     2 |       ||    17
       Throwing net      |       |       |     3 |       |     1 ||     4
       Boomerang         |       |       |       |    56 |       ||    56
  Use: Scroll            |       |       |    11 |    10 |     5 ||    26
       Potion            |       |       |       |       |     2 ||     2
 Stab: Petrifying        |       |       |     2 |       |       ||     2
       Held in net/web   |       |       |     1 |       |     2 ||     3
       Distracted        |       |       |       |     3 |    11 ||    14
Armor: Ring mail         |    42 |    32 |   118 |   149 |       ||   341
       Skin              |       |       |       |    10 |       ||    10
       Chain mail        |       |       |       |    25 |   205 ||   230
Dodge: Dodged            |    64 |    55 |   162 |   246 |   364 ||   891
Block: Other             |       |       |     1 |   107 |    96 ||   204
       Reflection        |       |       |       |     2 |       ||     2

Table legend: (Time is in decaauts)
 A = Elapsed time spent in this place.
 B = Non-inter-level travel time spent in this place.
 C = Inter-level travel time spent in this place.
 D = Time resting spent in this place.
 E = Time spent auto-exploring this place.
 F = Levels seen in this place.
 G = Mean time per level.
                   A        B        C        D        E       F      G
               +--------+--------+--------+--------+--------+-----+--------+
         Total |  24942 |  23870 |   1072 |   1653 |  18488 |  21 | 1187.7 |
       Dungeon |  13756 |  13193 |    563 |    509 |  10943 |  10 | 1375.6 |
        Temple |    201 |    181 |     20 |      0 |    167 |   1 |  201.0 |
          Lair |   7545 |   7240 |    305 |    744 |   5224 |   6 | 1257.5 |
  Orcish Mines |   1611 |   1428 |    183 |      0 |   1092 |   2 |  805.5 |
   Elven Halls |    837 |    837 |      0 |      0 |    681 |   1 |  837.0 |
      Gauntlet |    988 |    988 |      0 |    400 |    380 |   1 |  988.0 |
               +--------+--------+--------+--------+--------+-----+--------+

Top non-repeatable levels by time:
     D:6: 3126 daAuts
     D:4: 2298 daAuts
  Lair:2: 1798 daAuts
  Lair:1: 1400 daAuts
     D:9: 1326 daAuts
  Lair:6: 1317 daAuts
     D:7: 1305 daAuts
  Lair:5: 1242 daAuts
    D:10: 1237 daAuts
   Orc:2: 1116 daAuts
     D:8: 1007 daAuts
Gauntlet: 988 daAuts
  Lair:4: 965 daAuts
     D:2: 951 daAuts
     D:5: 886 daAuts
